AoeStats
← Cranberry. D

Arena

507732916Analyzed
4v4 RM · 12d ago on Sep 19, 2026· 43m 21s· 8 players
Game mode
Random Map
Map size
Large (8 player)
Population
200
Speed
Normal
Resources
Standard
Victory
Conquest
Starting age
Dark Age
Ending age
Imperial Age
RankedLock teamsTeams togetherTeam positionsShared explorationLock speedFull tech treeHidden civsTurbo modeCheats
Victory
Defeat
🇺🇾 Bohemians · Uruguay
1185
+13
🇯🇵 Koreans · Japan
1182
+13
🇺🇸 Wu · United States
1165
+14
🇮🇳 Muisca · India
1154
+15
🇫🇷 Britons · France
1136
-14
🇯🇵 Spanish · Japan
1132
-14
🇯🇵 Inca · Japan
1126
-14
🇨🇳 Cumans · China
1104
-13
lpt42
11:14 Feudal Age
15:19 Castle Age
13:28 Double-Bit Axe
15:16 Horse Collar
16:17 Bow Saw
21:03 Loom
24:08 Fletching
25:45 Bodkin Arrow
26:56 Gold Mining
28:55 Wheelbarrow
31:14 Imperial Age
29:36 Padded Archer Armor
29:57 Crossbowman
33:06 Chemistry
31:56 Arbalester
36:54 Bracer
37:09 Leather Archer Armor
37:18 Ballistics
39:36 Ring Archer Armor
Cranberry. D
10:55 Feudal Age
12:42 Town Watch
15:21 Castle Age
14:20 Double-Bit Axe
14:15 Horse Collar
26:07 Fletching
31:27 Bow Saw
Noob RAM
10:55 Feudal Age
14:57 Castle Age
13:33 Loom
14:20 Double-Bit Axe
14:16 Horse Collar
16:12 Bow Saw
29:17 Imperial Age
27:17 Heavy Plow
27:55 Wheelbarrow
28:43 Ballistics
28:26 Padded Archer Armor
28:17 Fletching
28:39 Squires
28:25 Arson
28:01 Champi Runner
29:25 Leather Archer Armor
31:10 Chemistry
30:11 Gold Mining
30:27 Bodkin Arrow
32:13 Ring Archer Armor
清纯帝
10:07 Feudal Age
15:35 Double-Bit Axe
18:54 Horse Collar
19:09 Gold Mining
21:47 Castle Age
20:14 Stone Mining
30:58 Imperial Age
29:05 Wheelbarrow
29:09 Heavy Plow
29:20 Bow Saw
29:34 Bloodlines
30:03 Forging
29:59 Scale Barding Armor
30:36 Gold Shaft Mining
29:49 Loom
30:36 Hand Cart
31:28 Iron Casting
30:34 Capped Ram
31:23 Elite Steppe Lancer
34:43 Blast Furnace
34:22 Steppe Husbandry
34:42 Conscription
35:47 Chain Barding Armor
35:12 Light Cavalry
36:20 Town Watch
36:54 Hussar
38:34 Crop Rotation
39:04 Two-Man Saw
38:41 Plate Barding Armor
39:32 Cavalier
40:52 Paladin
|FMG| Zeit
10:23 Feudal Age
12:36 Loom
15:28 Castle Age
13:40 Double-Bit Axe
14:05 Horse Collar
16:43 Bow Saw
17:10 Fervor
18:25 Town Watch
24:06 Sanctity
24:45 Fletching
26:05 Wheelbarrow
29:19 Imperial Age
26:53 Padded Archer Armor
27:51 Wagenburg Tactics
29:20 Chemistry
29:42 Hand Cart
31:37 Conscription
35:43 Siege Engineers
36:30 Ballistics
39:04 Hussite Reforms
39:04 Scale Mail Armor
39:14 Forging
39:04 Scale Mail Armor
39:14 Forging
40:52 Heavy Plow
40:55 Pikeman
41:49 Squires
41:46 Halberdier
dipsh*t
9:25 Feudal Age
14:30 Castle Age
12:33 Double-Bit Axe
13:40 Horse Collar
16:49 Town Watch
17:30 Heavy Plow
17:40 Bow Saw
19:10 Loom
19:47 Bow Saw
21:50 Gold Mining
24:03 Wheelbarrow
24:16 Forging
24:06 Scale Mail Armor
25:41 Squires
26:59 Iron Casting
26:39 Chain Mail Armor
26:53 Hand Cart
27:51 Gold Shaft Mining
28:50 Chain Mail Armor
30:09 Pikeman
32:22 Stone Mining
40:36 Imperial Age
41:53 Plate Mail Armor
42:01 Conscription
41:21 Elite Temple Guard
Rajendra Chola
11:09 Feudal Age
15:24 Castle Age
13:48 Double-Bit Axe
17:39 Stone Mining
17:44 Gold Mining
19:15 Wheelbarrow
21:06 Bow Saw
20:47 Loom
21:50 Horse Collar
22:21 Fletching
23:01 Bodkin Arrow
24:38 Heavy Plow
26:03 Red Cliffs Tactics
32:32 Imperial Age
30:58 Ballistics
31:38 Padded Archer Armor
33:39 Elite Fire Archer
35:48 Conscription
36:36 Leather Archer Armor
36:22 Bracer
only vills
10:18 Feudal Age
10:30 Loom
15:03 Castle Age
13:52 Fletching
15:47 Bodkin Arrow
21:00 Eupseong
27:18 Ballistics
29:06 Treadmill Crane
Connection lost

Rejoining the realm…

Still unreachable

The connection could not be restored.

Session expired

The server has moved on; the page needs a fresh start.